 Dungeon Crawl Stone Soup version 0.31-a0-702-gf82c85558f (webtiles) character file.

Game seed: 6355325388977856543

130717 arthad the Grappler (level 16, -9/161 HPs)
             Began as a Troll Shapeshifter on Sept 7, 2023.
             Was the Champion of Okawaru.
             Mangled by a demonic crawler (13 damage)
             ... on level 2 of the Spider Nest on Sept 8, 2023.
             The game lasted 01:12:20 (24352 turns).

arthad the Grappler (Troll Shapeshifter)           Turns: 24352, Time: 01:12:21

Health: -9/161     AC:  5    Str: 39    XL:     16   Next: 53%
Magic:  23/23      EV: 10    Int:  6    God:    Okawaru [******]
Gold:   1782       SH: 20    Dex:  9    Spells: 15/15 levels left

rFire   + .          .
                       - Unarmed
rCold   . . .        V - +6 tower shield of Omission {Stlth+}
rNeg    . . .        X - +0 troll leather armour of an ice cave {Regen+ Str+7 Stlth+}
rPois   .            (helmet currently unavailable)
rElec   .            (cloak currently unavailable)
rCorr   .            (gloves unavailable)
SInv    .            (boots unavailable)
Will    +....        D - amulet of regeneration
Stlth   ++++         L - ring of flight
HPRegen 2.86/turn    R - ring of protection from fire
MPRegen 0.18/turn

%: no passive effects
@: lethally poisoned (-9 -> -33), beast-form, flying
A: beast (slay +4), large, unfitting armour, claws 3, regeneration 1, shaggy fur
1, tough skin 1
a: Begin Untransformation, Renounce Religion, Heroism, Finesse, Duel


You were on level 2 of the Spider Nest.
You worshipped Okawaru.
Okawaru was exalted by your worship.
You were a hulking beast.
You visited 5 branches of the dungeon, and saw 25 of its levels.
You also visited: Sewer and Volcano.

You collected 2027 gold pieces.
You spent 245 gold pieces at shops.

Inventory:

Hand Weapons
 m - the +10 hand axe of Guyntu {freeze, Int+5}
   (Okawaru gifted it to you in a volcano)

   Int+5:     It affects your intelligence (+5).
 q - the +8 sling of Growth {freeze, rC+ rN+ rCorr Dex+2}
   (Okawaru gifted it to you on level 5 of the Lair of Beasts)

   Dex+2:     It affects your dexterity (+2).
   rC+:       It protects you from cold.
   rN+:       It protects you from negative energy.
   rCorr:     It protects you from acid and corrosion.
 v - the +9 sword of Zonguldrok {reap}
   (You found it on level 15 of the Dungeon)
 C - the +6 trident of Ofotaem {freeze, rCorr Dex+2}
   (You found it on level 6 of the Dungeon)

   Dex+2:     It affects your dexterity (+2).
   rCorr:     It protects you from acid and corrosion.
Missiles
 I - 12 large rocks (quivered)
 U - 5 javelins
 W - a throwing net
Armour
 y - a +1 robe of fire resistance
 F - the +1 robe of Parts Unknown {rC- Int+7 Dex+5}
   (You bought it in a shop on level 2 of the Orcish Mines)

   Int+7:     It affects your intelligence (+7).
   Dex+5:     It affects your dexterity (+5).
   rC-:       It makes you vulnerable to cold.
 G - a +0 robe of cold resistance
 M - the scarf of Fortitude {harm, rF+}
   (Okawaru gifted it to you on level 1 of the Orcish Mines)

   rF+:       It protects you from fire.
 V - the +6 tower shield of Omission (worn) {Stlth+}
   (Okawaru gifted it to you on level 13 of the Dungeon)

   Stlth+:    It makes you more stealthy.
 X - the +0 troll leather armour of an ice cave (worn) {Regen+ Str+7 Stlth+}
   (Okawaru gifted it to you on level 1 of the Lair of Beasts)

   Str+7:     It affects your strength (+7).
   Regen+:    It increases your rate of health regeneration.
   Stlth+:    It makes you more stealthy.
Jewellery
 g - a ring of protection from cold
 h - a ring of resist corrosion
 D - an amulet of regeneration (around neck)
 K - an amulet of guardian spirit
 L - a ring of flight (left claw)
 R - a ring of protection from fire (right claw)
 Y - an amulet of magic regeneration
 Z - a +6 ring of intelligence
Talismans
 c - a beast talisman (active)
 d - a flux talisman
 E - a dragon-blood talisman
Wands
 o - a wand of flame (16)
 r - a wand of iceblast (6)
 t - a wand of light (10)
 J - a wand of charming (32)
 P - a wand of polymorph (5)
Scrolls
 f - 3 scrolls of summoning
 j - a scroll of torment
 n - 5 scrolls of teleportation
 s - 2 scrolls of fog
 u - 2 scrolls of vulnerability
 w - 2 scrolls of enchant armour
 x - a scroll of amnesia
 A - 3 scrolls of enchant weapon
 B - 3 scrolls of identify
 N - a scroll of brand weapon
 T - 4 scrolls of poison
Potions
 a - a potion of cancellation
 b - 4 potions of lignification
 e - 7 potions of magic
 k - a potion of curing
 l - 2 potions of brilliance
 p - a potion of haste
 z - 6 potions of mutation
 O - a potion of enlightenment
 Q - 2 potions of might
 S - 3 potions of invisibility
Miscellaneous
 i - a tin of tremorstones (2/2)
 H - a lightning rod (4/4)


   Skills:
 * Level 10.9 Fighting
 - Level 6.0 Throwing
 + Level 6.8 Armour
 + Level 9.4 Dodging
 + Level 3.5 Stealth
 * Level 8.3 Shields
 * Level 13.1 Unarmed Combat
 * Level 10.8 Invocations
 * Level 11.9 Shapeshifting


You had 15 spell levels left.
You didn't know any spells.
Your spell library contained the following spells:

 Spells                   Type           Power      Damage    Failure   Level
 Apportation              Tloc           0%         N/A       80%         1
 Foxfire                  Conj/Fire      0%         2x1d4     80%         1
 Freeze                   Ice            0%         1d3       80%         1
 Kiss of Death            Conj/Necr      0%         2d5       80%         1
 Necrotise                Necr           0%         1d4       80%         1
 Momentum Strike          Conj/Tloc      0%         3d8       90%         2
 Static Discharge         Conj/Air       0%         2-2/arc   90%         2
 Confusing Touch          Hex            0%         N/A       99%         3
 Frozen Ramparts          Ice            0%         1d1       99%         3
 Gell's Gravitas          Tloc           0%         N/A       99%         3
 Hailstorm                Conj/Ice       0%         3d3       99%         3
 Ozocubu's Armour         Ice            0%         N/A       99%         3
 Stone Arrow              Conj/Erth      0%         3d7       99%         3
 Teleport Other           Tloc           0%         N/A       99%         3
 Airstrike                Air            0%         2d(0-16)  100%        4
 Dispel Undead            Necr           0%         3d6       100%        4
 Vhi's Electric Charge    Tloc/Air       0%         N/A       100%        4
 Metabolic Englaciation   Hex/Ice        0%         N/A       100%        5
 Conjure Ball Lightning   Conj/Air       0%         3x3d6     100%        6
 Dispersal                Tloc           0%         N/A       100%        6
 Lehudib's Crystal Spear  Conj/Erth      0%         10d2      100%        8
 Summon Small Mammal      Summ           Unusable   N/A       N/A         1
 Call Canine Familiar     Summ           Unusable   N/A       N/A         3
 Summon Guardian Golem    Hex/Summ       Unusable   N/A       N/A         3
 Animate Armour           Summ/Erth      Unusable   N/A       N/A         4
 Summon Ice Beast         Ice/Summ       Unusable   N/A       N/A         4
 Summon Lightning Spire   Summ/Air       Unusable   N/A       N/A         4
 Simulacrum               Ice/Necr       Unusable   N/A       N/A         6

Dungeon Overview and Level Annotations

Branches:
Dungeon (15/15)            Temple (0/1) D:4            Lair (5/5) D:8
  Swamp (1/4) Lair:2       Spider (2/4) Lair:2        Slime (0/5) Lair:5
    Orc (2/2) D:9             Elf (0/3) Orc:2        Vaults (0/5) D:14
 Depths (0/4) D:15          Sewer (visited)         Volcano (visited)

Altars:
Cheibriados
Dithmenos
Elyvilon
Hepliaklqana
Okawaru
Sif Muna
Uskayaw
Xom
Yredelemnul
Jiyva

Shops:
D:4 ((=[?   D:7 [   D:10 *   D:15 [   Orc:1 *   Orc:2 [*[(

Portals:
Trove: D:15 (give +6 demon whip)


Innate Abilities, Weirdness & Mutations

You are a hulking beast.
Your limbs bulge with bestial killing power. (Slay +4)
You are too large for most types of armour.
You have claws for hands.
Your natural rate of healing is unusually fast.
You are covered in fur. (AC +1)
You have tough skin. (AC +1)


Message History

The demonic crawler barely misses you.
You block the demonic crawler's attack. x2
You mangle the wolf spider!!
The wolf spider is heavily wounded.
You block the wolf spider's attack. The wolf spider bites you!
You block the redback's attack.
You block the demonic crawler's attack. x2
The demonic crawler barely misses you. The wolf spider barely misses you.
The wolf spider bites you! The redback barely misses you.
You mangle the wolf spider!!
The wolf spider is almost dead.
You block the demonic crawler's attack. The demonic crawler hits you!
You block the demonic crawler's attack. The wolf spider hits you!
You block the wolf spider's attack.
The redback bites you but does no damage.
The redback closely misses you.
You barely miss the wolf spider.
The wolf spider is almost dead.
You block the wolf spider's attack.
The wolf spider bites you but does no damage.
You block the demonic crawler's attack. The demonic crawler hits you! x2
The redback bites you!
You are poisoned.
The redback poisons you!
The redback bites you but does no damage.
You are too injured to fight recklessly!
You are too injured to fight recklessly!
You feel extremely sick. The redback attacks as it pursues you!
The redback closely misses you.
The demonic crawler attacks as it pursues you!
You block the demonic crawler's attack. x2; The demonic crawler hits you!
* * * LOW HITPOINT WARNING * * *
You block the redback's attack. The wolf spider hits you!!
* * * LOW HITPOINT WARNING * * *
The wolf spider bites you!
* * * LOW HITPOINT WARNING * * *
You are lethally poisoned!
The wolf spider poisons you! The demonic crawler hits you!
* * * LOW HITPOINT WARNING * * *
The demonic crawler hits you but does no damage.
The demonic crawler hits you!
You die...

############### ***
############### *,*****
###############**,^**,*
###############*,,,,,,,
#####....######,,,,,,,,
######ss.#.....,,,,,,,,
##########.hss#....#,,,,,,,,
##..#..##..sss.......,,,,,*,,
#)......#..#...$.##..,^*,,,,,
#....................,,*,,,*,
*#.................#..,,,,,,,,
*#.##.<...^#.##........,,,,,,,,
#..^.#^....#.......)#..*^**,,,,
**#..<.....#..^#.........,,,*,,,,
^./........#...........##,,,,,,**


You could see a demonic crawler, a wolf spider and 5 redbacks.

Vanquished Creatures
  Saint Roka (Arena)
  A bone dragon (D:15)
  The ghost of Rexy the Skinwalker, a journeyman TrSh of Wu Jian (Orc:2)
  2 spark wasps (Spider:1)
  4 vault guards
  A fire dragon (D:15)
  4 hydras
  An ogre mage (D:15)
  2 rakshasas (D:14)
  7 boulder beetles
  A centaur warrior (D:13)
  3 catoblepae
  10 two-headed ogres
  3 demonic crawlers
  A deep troll shaman (Lair:5)
  3 tengu warriors
  2 hell hogs (Volcano)
  A vampire mage (D:15)
  17 death yaks
  Urug (D:13)
  A skyshark (Lair:1)
  A pharaoh ant (Spider:1)
  2 skeletal warriors (D:15)
  A storm dragon skeleton (D:15)
  A spriggan druid (Swamp:1)
  4 orb spiders
  A steelbarb worm (Spider:1)
  A wizard (D:15)
  A lindwurm (Lair:5)
  Pikel (D:6)
  4 deep elf pyromancers
  3 necromancers
  6 manticores
  2 orc sorcerers (Orc:2)
  2 wolf spider zombies (D:15)
  4 oklob plants
  A moth of wrath (Spider:1)
  3 wolf spiders (Spider:1)
  2 salamanders (Volcano)
  17 ugly things
  5 cyclopes
  9 centaur zombies (D:15)
  11 elephants
  A stone giant zombie (D:15)
  A frost giant zombie (D:15)
  8 cane toads
  6 centaur skeletons (D:15)
  3 black mambas
  2 torpor snails (Spider:1)
  Jeremiah (D:7)
  2 gargoyles
  A spriggan zombie (D:15)
  Maggie (D:7)
  A freezing wraith (D:8)
  2 rime drakes
  An unseen horror (D:12)
  7 komodo dragons
  7 trolls
  3 meliai (D:13)
  5 tarantellas (Spider:1)
  5 polar bears
  8 hornets
  30 blink frogs
  Grinder (D:5)
  2 meliai zombies (D:15)
  9 jumping spiders
  5 slime creatures
  2 spriggans (Swamp:1)
  A shadow (D:11)
  A fire bat (Volcano)
  8 wyverns
  85 yaks
  5 basilisks
  A hog (shapeshifter) (D:14)
  2 wraiths (D:12)
  A vampire (D:12)
  2 vampire mosquitoes (D:12)
  11 redbacks
  3 steam dragons
  5 wargs
  2 acid dragons
  17 water moccasins
  2 ice beasts
  A two-headed ogre skeleton (Orc:1)
  43 orc warriors
  A hornet zombie (D:15)
  A meliai simulacrum (D:15)
  A black bear (D:6)
  7 ogres
  A sky beast (D:6)
  12 centaurs
  19 wolves
  2 lemures (D:6)
  5 kobold brigands
  2 gnoll sergeants
  11 bullfrogs
  4 scorpions
  A hornet simulacrum (D:15)
  16 wights
  5 killer bees (D:8)
  4 howler monkeys
  An electric eel (Lair:2)
  3 hounds
  A gnoll bouda (D:8)
  13 orc priests
  4 jellies
  Crazy Yiuf (D:7)
  2 sleepcaps
  2 warg simulacra (Orc:1)
  4 iguanas
  31 orc wizards
  13 adders
  10 gnolls
  A river rat (Sewer)
  3 orc skeletons (Orc:1)
  A shadow imp (D:6)
  2 orc simulacra (Orc:1)
  An orc zombie (Orc:1)
  4 worms
  4 dart slugs
  93 orcs
  12 ball pythons
  4 endoplasms
  3 giant cockroaches
  5 goblins
  14 hobgoblins
  5 quokkas
  A bat (D:2)
  2 frilled lizards (D:2)
  30 kobolds
  6 rats
821 creatures vanquished.

Vanquished Creatures (others)
  A yak (D:11)
  A swamp worm (Swamp:1)
  A centaur (D:11)
3 creatures vanquished.

Grand Total: 824 creatures vanquished

Notes
Turn   | Place    | Note
-------+----------+-------------------------------------------
     0 | D:1      | arthad the Troll Shapeshifter began the quest for the Orb.
     0 | D:1      | Reached XP level 1. HP: 18/18 MP: 0/0
     3 | D:1      | Noticed an electric eel
     4 | D:1      | Noticed an electric eel
   151 | D:1      | Reached skill level 1 in Fighting
   221 | D:1      | Reached XP level 2. HP: 27/27 MP: 1/1
   558 | D:2      | Reached XP level 3. HP: 33/33 MP: 2/2
   783 | D:2      | Found a snail-covered altar of Cheibriados.
   931 | D:3      | Reached XP level 4. HP: 41/41 MP: 3/3
   933 | D:3      | Found a white marble altar of Elyvilon.
  1014 | D:3      | Noticed a scorpion
  1016 | D:3      | Found an iron altar of Okawaru.
  1021 | D:3      | Killed a scorpion
  1022 | D:3      | Reached XP level 5. HP: 29/49 MP: 4/4
  1139 | D:3      | Got the Information on Breath
  1171 | D:3      | Found a glowing drain.
  1184 | D:3      | Reached skill level 4 in Unarmed Combat
  1187 | Sewer    | Entered a sewer
  1406 | Sewer    | Reached XP level 6. HP: 59/59 MP: 5/5
  1667 | D:3      | Became a worshipper of Warmaster Okawaru
  1701 | D:4      | Found Elegufug's Antique Armour Shop.
  1726 | D:4      | Found Ciemuet's Jewellery Shoppe.
  1862 | D:4      | Found a staircase to the Ecumenical Temple.
  1895 | D:4      | Found Istejor's Magic Scroll Shoppe.
  1973 | D:4      | Found a shimmering blue altar of Sif Muna.
  1999 | D:4      | Found a shimmering altar of Xom.
  2129 | D:4      | Reached XP level 7. HP: 63/67 MP: 6/6
  2156 | D:4      | Identified the +0 leather armour of Gravity {+Blink Fly rN+
                  | Will++}
  2211 | D:4      | Found Igovusyt's Antique Weapon Emporium.
  2447 | D:4      | Found Fataw's Antique Weapon Shop.
  2478 | D:5      | Entered Level 5 of the Dungeon
  2830 | D:5      | Reached skill level 5 in Unarmed Combat
  2833 | D:5      | Reached * piety under Okawaru
  2954 | D:5      | Reached skill level 5 in Shapeshifting
  3054 | D:5      | Noticed Grinder
  3058 | D:5      | Paralysed by Grinder for 5 turns
  3065 | D:5      | Killed Grinder
  3066 | D:5      | Reached XP level 8. HP: 63/78 MP: 7/7
  3093 | D:5      | Reached ** piety under Okawaru
  3514 | D:6      | Noticed Pikel
  3534 | D:6      | Reached skill level 1 in Invocations
  3589 | D:6      | Killed Pikel
  3590 | D:6      | Reached skill level 1 in Armour
  3590 | D:6      | Reached skill level 6 in Unarmed Combat
  3629 | D:6      | Reached skill level 1 in Stealth
  3629 | D:6      | Reached XP level 9. HP: 43/85 MP: 9/9
  3735 | D:6      | Reached skill level 5 in Dodging
  3828 | D:6      | Identified the +6 trident of Ofotaem {freeze, rCorr Dex+2}
  4074 | D:7      | Reached *** piety under Okawaru
  4093 | D:7      | Found Myon's Armour Boutique.
  4232 | D:7      | Found a runed translucent door.
  4233 | D:7      | Noticed Crazy Yiuf
  4305 | D:7      | Found a hide-covered altar of Uskayaw.
  4363 | D:7      | Reached skill level 5 in Fighting
  4377 | D:7      | Noticed Maggie
  4390 | D:7      | Killed Maggie
  4496 | D:7      | Noticed Jeremiah
  4518 | D:7      | Killed Jeremiah
  4584 | D:7      | Reached **** piety under Okawaru
  4692 | D:7      | Reached skill level 7 in Unarmed Combat
  4804 | D:7      | Killed Crazy Yiuf
  4972 | D:8      | Reached XP level 10. HP: 67/96 MP: 11/11
  5204 | D:8      | Found a shadowy altar of Dithmenos.
  5312 | D:8      | Reached ***** piety under Okawaru
  5378 | D:8      | Found a staircase to the Lair.
  5745 | D:8      | Found a hazy altar of Hepliaklqana.
  6044 | D:9      | HP: 1/94 [orc warrior/+0 halberd (20)]
  6064 | D:9      | Noticed a manticore
  6245 | D:9      | Received a gift from Okawaru
  6246 | D:9      | Reached skill level 8 in Unarmed Combat
  6346 | D:9      | Reached skill level 5 in Invocations
  6346 | D:9      | Reached XP level 11. HP: 101/105 MP: 10/13
  6406 | D:9      | Paralysed by a hornet for 2 turns
  6613 | D:9      | Got Vehumet's Directory of Outbursts
  6684 | D:9      | Found a staircase to the Orcish Mines.
  6736 | D:9      | Noticed a two-headed ogre
  6743 | D:9      | Killed a two-headed ogre
  6787 | D:9      | Reached skill level 1 in Throwing
  6967 | D:10     | Entered Level 10 of the Dungeon
  7008 | D:10     | Received a gift from Okawaru
  7332 | D:10     | Found a basalt altar of Yredelemnul.
  7483 | D:10     | Found Ungorgh's Assorted Antiques.
  7489 | D:10     | Bought a pink potion for 31 gold pieces
  7489 | D:10     | Bought a scroll labelled HEVVASHRY QUTE for 35 gold pieces
  7871 | D:11     | Paralysed by a hornet for 3 turns
  8056 | D:11     | Noticed a purple ugly thing
  8058 | D:11     | Paralysed by a hornet for 3 turns
  8068 | D:11     | Killed a purple ugly thing
  8122 | D:11     | Reached skill level 9 in Unarmed Combat
  8128 | D:11     | Reached XP level 12. HP: 88/118 MP: 5/15
  8360 | D:11     | Found a shimmering blue altar of Sif Muna.
  8496 | D:12     | Noticed a boulder beetle
  8504 | D:12     | Upgraded the game from 0.31-a0-691-g409c26aa35 to
                  | 0.31-a0-700-gf13585253f
  8801 | D:12     | Killed a boulder beetle
  8801 | D:12     | Reached ****** piety under Okawaru
  9067 | D:12     | Noticed a two-headed ogre
  9072 | D:12     | Killed a two-headed ogre
  9373 | D:13     | Noticed a centaur warrior
  9397 | D:13     | Killed a centaur warrior
  9397 | D:13     | Identified the +6 tower shield of Omission {Stlth+}
                  | (Okawaru gifted it to you on level 13 of the Dungeon)
  9397 | D:13     | Received a gift from Okawaru
  9397 | D:13     | Noticed Urug
  9493 | D:13     | Killed Urug
  9848 | D:13     | Noticed a two-headed ogre
  9858 | D:13     | Killed a two-headed ogre
  9947 | D:13     | Reached skill level 1 in Shields
 10516 | D:14     | Noticed a tengu warrior
 10525 | D:14     | Killed a tengu warrior
 10610 | D:14     | Noticed a rakshasa
 10664 | D:14     | Noticed a rakshasa
 10713 | D:14     | Reached skill level 10 in Unarmed Combat
 10826 | D:14     | Killed a rakshasa
 10827 | D:14     | Reached XP level 13. HP: 95/127 MP: 11/17
 11381 | Arena    | Entered the Arena
 11435 | D:14     | Received a gift from Okawaru
 11605 | Lair:1   | Entered Level 1 of the Lair of Beasts
 12112 | Lair:1   | Reached skill level 5 in Armour
 12389 | Lair:1   | Found a shimmering blue altar of Sif Muna.
 12406 | Lair:1   | Identified the +0 troll leather armour of an ice cave
                  | {Regen+ Str+7 Stlth+} (Okawaru gifted it to you on level 1
                  | of the Lair of Beasts)
 12406 | Lair:1   | Received a gift from Okawaru
 13295 | Lair:2   | Found a staircase to the Swamp.
 13380 | Lair:2   | Reached XP level 14. HP: 137/137 MP: 19/19
 13403 | Lair:2   | Reached skill level 10 in Shapeshifting
 13497 | Lair:2   | Reached skill level 11 in Unarmed Combat
 13913 | Lair:2   | Reached skill level 5 in Shields
 14115 | Lair:2   | Found a hole to the Spider Nest.
 14120 | Lair:2   | Received a gift from Okawaru
 15625 | Lair:4   | Found a dark tunnel.
 15632 | Volcano  | Entered a volcano
 15693 | Volcano  | Identified the +10 hand axe of Guyntu {freeze, Int+5}
                  | (Okawaru gifted it to you in a volcano)
 15693 | Volcano  | Received a gift from Okawaru
 16192 | Lair:4   | Reached skill level 5 in Throwing
 16848 | Lair:5   | Entered Level 5 of the Lair of Beasts
 17111 | Lair:5   | Reached XP level 15. HP: 149/149 MP: 21/21
 17144 | Lair:5   | Identified the +8 sling of Growth {freeze, rC+ rN+ rCorr
                  | Dex+2} (Okawaru gifted it to you on level 5 of the Lair of
                  | Beasts)
 17144 | Lair:5   | Received a gift from Okawaru
 17445 | Lair:5   | Found a viscous altar of Jiyva.
 17540 | Lair:5   | Found a staircase to the Slime Pits.
 17734 | Lair:5   | Reached skill level 12 in Unarmed Combat
 18000 | Lair:5   | Received a gift from Okawaru
 18538 | Orc:1    | Entered Level 1 of the Orcish Mines
 18558 | Orc:1    | You fall into a shaft and drop 1 floor!
 18558 | Orc:2    | Entered Level 2 of the Orcish Mines
 18789 | Orc:2    | Found Orya's Antique Armour Shoppe.
 18817 | Orc:2    | Bought a smoking robe for 131 gold pieces
 18817 | Orc:2    | Identified the +1 robe of Parts Unknown {rC- Int+7 Dex+5}
                  | (You bought it in a shop on level 2 of the Orcish Mines)
 18991 | Orc:2    | Found Hameill's General Store.
 19013 | Orc:2    | Upgraded the game from 0.31-a0-700-gf13585253f to
                  | 0.31-a0-702-gf82c85558f
 19052 | Orc:2    | Bought a potion of might for 48 gold pieces
 19203 | Orc:2    | Found a staircase to the Elven Halls.
 19362 | Orc:2    | Noticed Saint Roka
 19376 | Arena    | Entered the Arena
 19382 | Arena    | Killed Saint Roka
 19383 | Arena    | Reached skill level 10 in Fighting
 19414 | Orc:2    | Received a gift from Okawaru
 19459 | Orc:2    | Found Muamneli's Antique Armour Shop.
 19463 | Orc:2    | Found Jyhixus's Antique Weapon Boutique.
 19627 | Orc:2    | Found a runed translucent gate.
 19628 | Orc:2    | Found a runed translucent gate.
 19629 | Orc:2    | Found a runed translucent gate.
 19651 | Orc:2    | Noticed Rexy's ghost (journeyman TrSh)
 19667 | Orc:2    | Killed Rexy's ghost
 20008 | Orc:1    | Found Utugao's Overcharged Wands.
 20032 | Orc:1    | Identified the scarf of Fortitude {harm, rF+} (Okawaru
                  | gifted it to you on level 1 of the Orcish Mines)
 20032 | Orc:1    | Received a gift from Okawaru
 20614 | D:14     | Reached skill level 10 in Invocations
 20704 | D:14     | Found a gate to the Vaults.
 21183 | D:15     | Entered Level 15 of the Dungeon
 21183 | D:15     | Found Bibeiwn's Antique Armour Boutique.
 21410 | D:15     | Found a portal to a secret trove of treasure.
 21610 | D:15     | Found a staircase to the Depths.
 22184 | D:15     | Reached XP level 16. HP: 152/159 MP: 22/22
 22245 | D:15     | Received a gift from Okawaru
 22285 | D:15     | Found the +9 sword of Zonguldrok {reap}
 22285 | D:15     | Noticed a bone dragon
 22307 | D:15     | Killed a bone dragon
 22309 | D:15     | HP: 7/159 [wolf spider zombie (3)]
 22746 | Swamp:1  | Entered Level 1 of the Swamp
 22902 | Spider:1 | Entered Level 1 of the Spider Nest
 23348 | Spider:1 | Reached skill level 13 in Unarmed Combat
 24352 | Spider:2 | HP: 4/161 [demonic crawler (15)]
 24352 | Spider:2 | Mangled by a demonic crawler

Illustrated notes

Levels and vault maps discovered:
D:1:      arrival_aquarium_b, layout_basic, chequers_serial_rivers_small_b,
          minivault_23, minmay_misc_feat_cross
D:2:      layout_basic, basic_altar
D:3:      layout_rooms, elyvilon_altar_3, mainiacjoe_overflow_tiny_flanked,
          cheibrodos_sewer_entry_bend
D:4:      minmay_clustersquares, layout_cave_pools,
          mainiacjoe_overflow_two_lobes, minmay_temple_entry_statues_fountains,
          serial_shops, nicolae_shop_peninsula, nicolae_shop_rolling_square,
          kennysheep_little_box, shop, shop, nzn_random_ring
D:5:      layout_basic, kennysheep_big_empty_room, nrook_mini_vaults,
          kennysheep_potato, uniq_grinder
D:6:      layout_rooms, uniq_pikel
D:7:      layout_basic, eat_drink_and_be_merry_uskayaw, serial_shops,
          nicolae_shop_hallway_plus, uniq_maggie, uniq_crazy_yiuf_cottage,
          uniq_jeremiah
D:8:      nzn_winding_woodlands_cross [nzn_winding_woodlands_5x15_zeroes,
          nzn_winding_woodlands_5x15_default,
          nzn_winding_woodlands_5x15_longhouse,
          nzn_winding_woodlands_5x15_river_crossing,
          nzn_winding_woodlands_15x15_boxy_spiral], layout_gridville,
          lemuel_crystal_altar, mainiacjoe_overflow_catwalk, lair_entry_dummy
D:9:      layout_rooms, orc_0_dummy, minmay_fractal_squares_diagonal_5
D:10:     layout_basic, amcnicky_altar_gilded, serial_shops, shop
D:11:     layout_rooms, tgw_sif
D:12:     layout_roguey
D:13:     layout_basic, uniq_urug
D:14:     layout_roguey, lightli_vaults_fourway_checkpoint,
          serial_co_window_serial, co_window_of_opportunity_a,
          co_window_of_opportunity_a, co_window_corner_a, co_window_corner_a,
          co_window_paths_a, co_window_paths_a, co_window_of_opportunity_a,
          co_window_broadway_a, co_window_broadway_b, co_window_corner_b,
          co_window_paths_d, glass_columns_b, glass_columns_a, glass_columns_a,
          glass_columns_b
D:15:     gammafunk_depths_entry_grave, layout_basic, dk_noncrumbling_4,
          serial_shops, shop, nicolae_trove_entry_isolated,
          minmay_guarded_unrand_zonguldrok
Lair:1:   layout_long_grid, lemuel_oklob_altar, grunt_megastairs_5
Lair:2:   layout_regular_city, swamp_mist, nicolae_spider_entry_orb_guardian,
          serial_bayou_shore_a, grunt_megastairs_2
Lair:3:   layout_loops_ring
Lair:4:   beast_lair_carwin_large_1, layout_regular_city, enter_volcano_2
Lair:5:   grunt_lair_end_beastmaster, layout_misc_corridors,
          minmay_slime_entry_oklob_enclosed
Swamp:1:  layout_falls_marsh, evilmike_swamp_ruin_house_5, uniq_donald
Spider:1: layout_chambers, dreamdust_wasp_nest
Spider:2: layout_spider_delve, portal_ice_cave_entry_pillars_2,
          nicolae_spider_not_touching_you
Orc:1:    dreamdust_under_siege, layout_caves, nicolae_shop_overcharged_wands
Orc:2:    grunt_orc_community_town_hall, layout_caves,
          grunt_orc_community_big_house_1, grunt_orc_community_big_house_1,
          grunt_orc_community_house_1, grunt_orc_community_house_1,
          grunt_orc_community_house_2, grunt_orc_community_house_3,
          grunt_orc_community_house_1, grunt_orc_community_house_3,
          ebering_ghost_rock_garden

Skill      XL: |  1  2  3  4  5  6  7  8  9 10 11 12 13 14 15 16 |
---------------+-------------------------------------------------+-----
Fighting       | 1 2 3 4 5 6 7 8 9 10 | 10.9
Dodging        | 2 3 4 5 6 7 8 9 |  9.4
Unarmed Combat | 4 5 6 7 8 9 10 11 12 13 | 13.1
Shapeshifting  | 4 5 6 7 8 9 10 11 | 11.9
Invocations    | 2 3 5 6 7 8 9 10 | 10.8
Armour         | 1 2 3 4 5 6 |  6.8
Stealth        | 1 2 3 |  3.5
Throwing       | 2 3 4 5 6 |  6.0
Shields        | 2 4 6 7 8 |  8.3

Action                     |  1- 3 |  4- 6 |  7- 9 | 10-12 | 13-15 | 16-18 || total
---------------------------+-------+-------+-------+-------+-------+-------++-------
  Melee: Unarmed           |    72 |   111 |   238 |   502 |  1113 |   259 ||  2295
         Punch             |     2 |     2 |     9 |    29 |       |       ||    42
  Throw: Large rock        |       |       |       |    53 |   258 |    41 ||   352
 Invoke: Heroism           |       |       |     1 |     9 |     9 |     2 ||    21
         Duel              |       |       |       |       |     2 |       ||     2
  Evoke: Wand              |       |       |     5 |     2 |     4 |       ||    11
         Lightning rod     |       |       |       |     4 |     9 |     2 ||    15
    Use: Scroll            |     2 |     5 |     2 |    13 |    11 |     5 ||    38
         Potion            |       |     3 |       |    10 |     9 |     3 ||    25
   Stab: Invisible         |       |       |     4 |     1 |       |       ||     5
         Sleeping          |       |       |     1 |     1 |    16 |     4 ||    22
         Petrified         |       |       |       |       |     1 |       ||     1
         Distracted        |       |       |       |       |     1 |     2 ||     3
 Armour: Animal skin       |    35 |    60 |    61 |       |       |       ||   156
         Robe              |       |       |    59 |       |       |       ||    59
         Steam dragon scal |       |       |    23 |   289 |       |       ||   312
         Troll leather arm |       |       |       |   204 |   769 |   228 ||  1201
  Dodge: Dodged            |    33 |    38 |    96 |   302 |   328 |   106 ||   903
  Block: Tower shield      |       |       |       |    52 |  1170 |   332 ||  1554

Table legend: (Time is in decaauts)
 A = Elapsed time spent in this place.
 B = Non-inter-level travel time spent in this place.
 C = Inter-level travel time spent in this place.
 D = Time resting spent in this place.
 E = Time spent auto-exploring this place.
 F = Levels seen in this place.
 G = Mean time per level.
                   A        B        C        D        E       F      G
               +--------+--------+--------+--------+--------+-----+--------+
         Total |  24573 |  23059 |   1514 |   1089 |  16481 |  29 |  847.3 |
       Dungeon |  13915 |  12930 |    985 |    645 |   9494 |  15 |  927.7 |
          Lair |   6644 |   6329 |    315 |    424 |   4424 |   5 | 1328.8 |
         Swamp |     25 |     25 |      0 |      0 |      4 |   1 |   25.0 |
   Spider Nest |   1395 |   1350 |     45 |     19 |    976 |   2 |  697.5 |
  Orcish Mines |   1892 |   1725 |    167 |      0 |   1179 |   2 |  946.0 |
         Sewer |    232 |    232 |      0 |      0 |    113 |   1 |  232.0 |
       Volcano |    411 |    411 |      0 |      0 |    272 |   1 |  411.0 |
         Arena |     56 |     56 |      0 |      0 |     19 |   2 |   28.0 |
               +--------+--------+--------+--------+--------+-----+--------+

Top non-repeatable levels by time:
     D:8: 1614 daAuts
    D:14: 1554 daAuts
  Lair:5: 1525 daAuts
  Lair:2: 1499 daAuts
  Lair:1: 1449 daAuts
    D:13: 1437 daAuts
    D:15: 1411 daAuts
Spider:1: 1358 daAuts
   Orc:2: 1316 daAuts
  Lair:3: 1105 daAuts
  Lair:4: 1064 daAuts
     D:5: 1034 daAuts
    D:12: 888 daAuts
     D:9: 842 daAuts
     D:7: 828 daAuts
